 Dungeon Crawl Stone Soup version 0.17-a0-1954-g0dddeaa (webtiles) character file.

7830 brucemayne the Severer (level 11, -5/139 HPs)
             Began as a Hill Orc Berserker on Oct 3, 2015.
             Was a High Priest of Trog.
             Slain by an orc warrior
             ... wielding a cursed -3 war axe
              (11 damage)
             ... on level 4 of the Orcish Mines.
             The game lasted 00:25:36 (4451 turns).

brucemayne the Severer (Hill Orc Berserker)         Turns: 4451, Time: 00:25:37

Health: -5/139     AC: 16    Str: 29    XL:     11   Next: 21%
Magic:  11/11      EV:  5    Int:  7    God:    Trog [*****.]
Gold:   1132       SH:  9    Dex: 10    Spells: 0 memorised, 10 levels left

rFire  . . .     SeeInvis .     l - +1 broad axe (elec)
rCold  . . .     Clarity  .     g - +0 plate armour (curse)
rNeg   . . .     SustAt   .     x - +0 shield
rPois  .         Gourm    .     A - +0 helmet
rElec  .         Spirit   .     G - +0 cloak {+Inv}
rCorr  .         Warding  .     v - +0 pair of gloves
rMut   .         Stasis   .     (no boots)
MR     .....                    (no amulet)
Stlth  ..........               (no ring)
                                f - ring of invisibility

@: berserking, very quick, not resistant to hostile enchantments, extremely
unstealthy
A: mutation resistance 1
a: Burn Spellbooks, Berserk, Trog's Hand, Brothers in Arms, Renounce Religion,
Evoke Invisibility


You were on level 4 of the Orcish Mines.
You worshipped Trog.
Trog was extremely pleased with you.
You were hungry.

You visited 2 branches of the dungeon, and saw 14 of its levels.
You also visited: Ossuary and Ice Cave.

You collected 1132 gold pieces.

Inventory:

Hand weapons
 a - a +0 hand axe
 l - a +1 broad axe of electrocution (weapon)
 w - a +3 war axe
 I - a +0 flail of holy wrath
 J - a +0 whip of distortion
 L - a +0 blowgun
 M - a +0 dagger of distortion
Missiles
 e - 17 curare-tipped needles
 H - a throwing net (quivered)
Armour
 b - a +0 animal skin
 g - a cursed +0 plate armour (worn)
 v - a +0 pair of gloves (worn)
 x - a +0 shield (worn)
 A - a +0 helmet (worn)
 G - a +0 cloak of invisibility (worn)
Jewellery
 f - a ring of invisibility (left hand)
Magical devices
 m - a wand of paralysis (1)
Scrolls
 i - a scroll of magic mapping
 o - 2 scrolls of amnesia {unknown}
 q - 2 scrolls of blinking {unknown}
 t - a scroll of noise {unknown}
 u - 2 scrolls of remove curse {unknown}
 y - 2 scrolls of fog {unknown}
 z - 3 scrolls of fear {unknown}
 B - a scroll of acquirement {unknown}
 D - 2 scrolls of identify
 K - a scroll of teleportation
Potions
 d - 2 potions of might
 k - a potion of lignification
 n - 2 potions of poison {unknown}
 p - a potion of cancellation {unknown}
 r - 2 potions of berserk rage {unknown}
 s - a potion of degeneration {unknown}
 C - a potion of beneficial mutation {unknown}
Books
 E - a book of Transfigurations

   Spells                             Type                      Level
   a - Stoneskin                      Transmutation/Earth          2
   b - Irradiate                      Conjuration/Transmutation    5
   c - Statue Form                    Transmutation/Earth          6
   d - Hydra Form                     Transmutation                6
   e - Dragon Form                    Transmutation                7
   Trog disapproves of the use of such an item.
Comestibles
 c - 5 meat rations
 h - 5 chunks of flesh
 j - 3 fruits
 F - a bread ration


   Skills:
 - Level 7.6 Fighting
 - Level 18.0 Axes
 - Level 6.6 Armour
 - Level 1.5 Dodging
 + Level 2.3 Shields


You had 10 spell levels left.
You didn't know any spells.

Dungeon Overview and Level Annotations

Branches:
Dungeon (10/15)               Orc (4/4) D:9             Elf (0/3) Orc:4
 Temple: D:4-7         Lair: D:8-11

Altars:
Fedhas
Yredelemnul
Beogh

Shops:
Orc:1 }


Innate Abilities, Weirdness & Mutations

You are somewhat resistant to further mutation.


Message History

The orc warrior hits you with a war axe!
* * * LOW HITPOINT WARNING * * *
Unknown command.
You hit the orc warrior.
There is a sudden explosion of sparks!
You feel the power of Trog in you as your rage grows.
You kill the orc warrior!
Trog accepts your kill.
You closely miss the orc warrior.
Unknown command.
You slash the orc warrior!
The orc warrior is moderately wounded.
You closely miss the orc warrior.
The orc warrior is moderately wounded.
You block the orc warrior's attack.
Your shield prevents you from hitting the orc warrior.
The orc warrior is moderately wounded.
You miss the orc warrior.
The orc warrior is moderately wounded.
The orc warrior hits you with a war axe!
You die...

#.# ## ##..#.## ###
...##.##......# ##.##
..........#.# ##...##
..........# ##.....### .
#.......# ##........##
...#......## ##..........#
.........(.## #.).........###
.......(.(..####@..).(...##>##
......####))..)o...(.........##
..c.# #....).)((#...)......##
... #........###..........## .
#.......## ###(........#
#.#.......##..........##
###......###.........##
##.......##.......##
###..........#####


You could see an orc warrior.

Vanquished Creatures
  A slime creature (D:9)
  Maurice (D:8)
  4 wargs
  A hippogriff (D:9)
  Menkaure (D:7)
  2 ogres
  24 orc warriors
  A sky beast (D:6)
  3 phantoms
  A wasp (D:8)
  A necrophage (D:7)
  7 centaurs
  A gnoll sergeant (D:8)
  Blork the orc (D:5)
  A scorpion (D:8)
  3 killer bees (D:6)
  5 wights
  3 crimson imps (D:8)
  2 quasits (D:8)
  A giant frog skeleton (D:4)
  16 orc wizards
  2 jellies
  15 orc priests
  2 hounds
  4 worker ants
  8 mummies (Ossuary)
  2 adders
  5 gnolls (D:8)
  2 shadow imps
  An adder zombie (D:5)
  An adder skeleton (D:5)
  A worm (D:3)
  5 giant geckos
  120 orcs
  A gnoll zombie (Ossuary)
  A hobgoblin (D:3)
  6 jackals
  A quokka (D:2)
  A bat (D:3)
  A giant cockroach (D:4)
  A giant gecko zombie (D:7)
  5 goblins
  2 hobgoblin zombies (Ossuary)
  A jackal zombie (D:7)
  A kobold (D:2)
  4 kobold zombies (Ossuary)
  An orc zombie (Ossuary)
  A rat (D:1)
275 creatures vanquished.

Vanquished Creatures (collateral kills)
  Sonja (Orc:3)
  An orc knight (Orc:4)
  An ogre (Orc:4)
  A centaur (Orc:4)
  An orc (Orc:3)
5 creatures vanquished.

Vanquished Creatures (others)
  An ufetubus (IceCv)
1 creature vanquished.

Grand Total: 281 creatures vanquished

Notes
Turn   | Place    | Note
--------------------------------------------------------------
     0 | D:1      | brucemayne the Hill Orc Berserker began the quest for the Orb.
     0 | D:1      | Reached XP level 1. HP: 19/19 MP: 1/1
   171 | D:3      | Reached XP level 2. HP: 26/26 MP: 2/2
   219 | D:4      | Reached skill level 5 in Axes
   219 | D:4      | Reached XP level 3. HP: 17/31 MP: 3/3
   245 | D:4      | Reached skill level 6 in Axes
   245 | D:4      | Reached XP level 4. HP: 30/39 MP: 4/4
   295 | D:4      | Found a sand-covered staircase.
   302 | Ossuary  | Entered an ossuary
   352 | Ossuary  | Reached skill level 7 in Axes
   354 | Ossuary  | HP: 1/58 [mummy (14)]
   356 | Ossuary  | Reached XP level 5. HP: 1/45 MP: 5/5
   519 | Ossuary  | Reached skill level 8 in Axes
   859 | D:5      | Entered Level 5 of the Dungeon
   947 | D:5      | Noticed a phantom
   998 | D:5      | Killed a phantom
   998 | D:5      | Reached skill level 9 in Axes
   998 | D:5      | Reached XP level 6. HP: 19/51 MP: 6/6
  1072 | D:5      | Noticed Blork the orc
  1090 | D:5      | Killed Blork the orc
  1180 | D:6      | Reached skill level 10 in Axes
  1180 | D:6      | Reached XP level 7. HP: 57/57 MP: 7/7
  1216 | D:6      | Gained mutation: You are somewhat resistant to further mutation. [mutagenic meat]
  1246 | D:6      | Acquired Trog's second power
  1257 | D:6      | Reached skill level 11 in Axes
  1451 | D:5      | Reached XP level 8. HP: 41/64 MP: 8/8
  1513 | D:6      | Reached skill level 12 in Axes
  1567 | D:6      | Found a basalt altar of Yredelemnul.
  1618 | D:7      | Noticed Menkaure
  1622 | D:7      | Killed Menkaure
  1622 | D:7      | Reached skill level 13 in Axes
  2061 | D:7      | Reached skill level 5 in Fighting
  2061 | D:7      | Reached XP level 9. HP: 47/74 MP: 9/9
  2214 | D:8      | Found a blossoming altar of Fedhas.
  2417 | D:9      | Reached skill level 5 in Armour
  2529 | D:10     | Entered Level 10 of the Dungeon
  2701 | D:9      | Reached skill level 14 in Axes
  2744 | D:9      | Found a roughly hewn altar of Beogh.
  2744 | D:9      | Found a staircase to the Orcish Mines.
  2874 | D:9      | Reached XP level 10. HP: 60/86 MP: 2/10
  2877 | D:9      | Reached skill level 15 in Axes
  3054 | D:8      | Paralysed by a wasp for 2 turns
  3087 | D:8      | Noticed Maurice
  3152 | D:8      | Killed Maurice
  3253 | Orc:1    | Entered Level 1 of the Orcish Mines
  3264 | Orc:1    | Reached skill level 16 in Axes
  3344 | Orc:1    | Found Tamush's Gadget Shoppe.
  3416 | Orc:2    | Acquired Trog's third power
  3486 | Orc:3    | Found a frozen archway.
  3500 | IceCv    | Entered an ice cave
  3546 | Orc:2    | Noticed an orc sorcerer
  3570 | Orc:3    | Found a roughly hewn altar of Beogh.
  3625 | Orc:3    | Noticed Sonja
  3633 | Orc:3    | Killed Sonja
  3633 | Orc:3    | Reached skill level 17 in Axes
  3788 | Orc:4    | Entered Level 4 of the Orcish Mines
  3996 | Orc:4    | Received a gift from Trog
  4020 | Orc:4    | Reached XP level 11. HP: 80/92 MP: 11/11
  4195 | Orc:4    | Reached skill level 18 in Axes
  4229 | Orc:4    | Found a staircase to the Elven Halls.
  4274 | Orc:4    | Noticed an orc knight
  4284 | Orc:4    | Killed an orc knight
  4296 | Orc:4    | Received a gift from Trog
  4385 | Orc:4    | Reached skill level 1 in Shields
  4446 | Orc:4    | HP: 5/139 [orc warrior/war axe (15)]
  4451 | Orc:4    | Slain by an orc warrior

Vault maps used:
D:1:      dpeg_arrival_ratfight, hex_medium, cheibriados_altar_1
D:4:      enter_ossuary_2
D:5:      first_bread, uniq_blork_the_orc
D:6:      tgw_sif, yredelemnul_altar_generic, kennysheep_generic_room_8
D:7:      minmay_temple_entry_poolview, uniq_menkaure
D:8:      grunt_temple_overflow_open, fedhas_altar_3, uniq_maurice
D:9:      david_orc_5
D:10:     uniq_grum, uniq_erica
Orc:1:    serial_shops, nicolae_shop_behind_doors, okawaru_metal_pillars_1_2
Orc:3:    basic_altar, portal_ice_cave_entry_pillars_03,
          nicolae_orc_pool_cavern, uniq_sonja
Orc:4:    st_orc_rangers
Ossuary:  ossuary_tomb_3
IceCv:    ice_cave_small_demon

Action                   |  1- 3 |  4- 6 |  7- 9 | 10-12 || total
-------------------------+-------+-------+-------+-------++-------
Melee: Hand axe          |    38 |   127 |   331 |       ||   496
       War axe           |       |       |    59 |    80 ||   139
       Broad axe         |       |       |       |   222 ||   222
Throw: Throwing net      |       |       |     1 |     2 ||     3
Invok: Berserk           |     1 |     7 |    13 |     4 ||    25
       Trog's Hand       |       |       |     8 |     9 ||    17
       Brothers in Arms  |       |       |       |     2 ||     2
Evoke: Wand              |       |       |       |     1 ||     1
  Use: Scroll            |       |     4 |     2 |     2 ||     8
       Potion            |       |     1 |     3 |     4 ||     8
 Stab: Invisible         |       |       |     2 |       ||     2
  Eat: Chunk             |       |     3 |    14 |     9 ||    26
       Bread ration      |       |     1 |     2 |       ||     3
       Fruit             |       |       |       |     2 ||     2
